 Dungeon Crawl Stone Soup version 0.28-b1-25-g9875b3fc8c (webtiles) character file.

Game seed: 1107821294682132512

7019 crazypyro the Basher (level 10, -5/88 HPs)
             Began as a Minotaur Fighter on Feb 2, 2022.
             Was an Initiate of Gozag.
             Slain by a bone dragon (7 damage)
             ... on level 1 of the Abyss.
             The game lasted 00:14:23 (10023 turns).

crazypyro the Basher (Minotaur Fighter)            Turns: 10023, Time: 00:14:23

Health: -5/88      AC: 17    Str: 29    XL:     10   Next: 82%
Magic:  9/9        EV: 15    Int:  5    God:    Gozag
Gold:   961        SH: 10    Dex: 14    Spells: 9/9 levels left

rFire   . . .      SeeInvis .   g - +2 morningstar
rCold   + . .      Faith    .   C - +0 kite shield
rNeg    . . .      Spirit   .   w - +9 scale mail of the Merchant {*Corrode +Blink Will++}
rPois   +          Reflect  .   (helmet restricted)
rElec   +          Harm     .   (no cloak)
rCorr   .          Rampage  .   (no gloves)
Will    ++...                   e - +3 pair of boots of the Thistle {rElec Str+3}
Stlth   ..........              (no amulet)
HPRegen 0.24/turn               v - +4 ring of evasion
MPRegen 0.11/turn               I - ring "Ewnixe" {Contam rPois rC+ Dex+5}

@: corroded, studying Long Blades
A: horns 2, retaliatory headbutt
a: Renounce Religion, Evoke Blink, Potion Petition, Call Merchant, Bribe Branch


You were on level 1 of the Abyss.
You worshipped Gozag.
Gozag was pleased with you.
You visited 2 branches of the dungeon, and saw 11 of its levels.
You visited the Abyss 1 time.

You collected 1106 gold pieces.
You paid 145 gold pieces to Gozag.

Inventory:

Hand Weapons
 a - a +0 flail of flaming
 g - a +2 morningstar (weapon)
 s - a +0 giant club
 u - a +2 whip of flaming
Missiles
 d - 2 throwing nets (quivered)
Armour
 b - a +0 scale mail
 c - a +0 buckler
 e - the +3 pair of boots of the Thistle (worn) {rElec Str+3}
   (You acquired it on level 3 of the Dungeon)

   Str:       It affects your strength (+3).
   rElec:     It insulates you from electricity.
 o - a +3 scale mail of poison resistance
 w - the +9 scale mail of the Merchant (worn) {*Corrode +Blink Will++}
   (You found it on level 7 of the Dungeon)

   +Blink:    It lets you blink.
   *Corrode:  It may corrode you when you take damage.
   Will:      It greatly increases your willpower.
 C - a +0 kite shield (worn)
Jewellery
 j - a ring of fire
 n - a ring of magical power
 v - a +4 ring of evasion (left hand)
 x - a +6 ring of intelligence
 B - a ring of ice
 G - a ring of fire
 H - a ring of protection from cold
 I - the ring "Ewnixe" (right hand) {Contam rPois rC+ Dex+5}
   (You took it off a gnoll sergeant on level 5 of the Dungeon)

   [ring of poison resistance]

   Dex:       It affects your dexterity (+5).
   rC:        It protects you from cold.
   rPois:     It protects you from poison.
   Contam:    It causes magical contamination when unequipped.
 M - a ring of wizardry
Wands
 h - a wand of flame (13)
 D - a wand of digging (7)
 F - a wand of polymorph (13)
 J - a wand of acid (9)
Scrolls
 i - 4 scrolls of teleportation
 r - a scroll of immolation
 y - 2 scrolls of fear
 A - 2 scrolls of blinking
 E - a scroll of enchant armour
 K - a scroll of magic mapping {unknown}
Potions
 f - 2 potions of attraction
 l - 5 potions of curing
 m - a potion of lignification {unknown}
 p - a potion of brilliance {unknown}
 q - a potion of flight
 t - a potion of cancellation {unknown}
 z - a potion of mutation {unknown}


   Skills:
 + Level 8.1 Fighting
 * Level 14.0 Maces & Flails
 + Level 8.1 Armour
 - Level 6.0 Dodging
 + Level 8.0 Shields


You had 9 spell levels left.
You didn't know any spells.
Your spell library contained the following spells:

 Spells                   Type           Power      Damage    Failure   Level
 Shock                    Conj/Air       0%         1d3       94%         1
 Corpse Rot               Necr/Air       0%         N/A       98%         2
 Ensorcelled Hibernation  Hex/Ice        0%         N/A       98%         2
 Passwall                 Tmut/Erth      0%         N/A       98%         2
 Poisonous Vapours        Pois/Air       0%         N/A       98%         2
 Dazzling Flash           Conj/Hex       0%         N/A       100%        3
 Swiftness                Air            0%         N/A       100%        3
 Airstrike                Air            0%         N/A       100%        4
 Agony                    Necr           0%         N/A       100%        5
 Silence                  Hex/Air        0%         N/A       100%        5
 Chain Lightning          Conj/Air       0%         N/A       100%        9
 Fire Storm               Conj/Fire      0%         5d1       100%        9
 Shatter                  Erth           0%         3d5*      100%        9


Dungeon Overview and Level Annotations

Branches:
Dungeon (10/15)            Temple (1/1) D:6
   Lair: D:8-11         Orc: D:9-12

Altars:
Ashenzari
Cheibriados
Dithmenos
Elyvilon
Fedhas
Gozag
Hepliaklqana
Kikubaaqudgha
Makhleb
Nemelex Xobeh
Okawaru
Ru
Sif Muna
Trog
Uskayaw
Vehumet
Wu Jian
Xom
Yredelemnul
Zin
The Shining One

Shops:
D:6 =[[*[

Annotations:
D:10 Erica, Psyche


Innate Abilities, Weirdness & Mutations

You have a pair of horns on your head.
You reflexively headbutt those who attack you in melee.


Message History

You kill the ufetubus!
The ufetubus disappears in a puff of smoke!
The ufetubus convulses!
You kill the ufetubus!
The ufetubus disappears in a puff of smoke!
The bone dragon bites you!
* * * LOW HITPOINT WARNING * * *
The bone dragon barely misses you. The bone dragon tramples you!
* * * LOW HITPOINT WARNING * * *
You hold your ground!
You feel much better.
The ynoxinul is lost in a daze.
The bone dragon is lost in a daze.
You hit the bone dragon but do no damage.
You headbutt the bone dragon.
The bone dragon is heavily damaged.
The ynoxinul is lost in a daze.
The bone dragon is lost in a daze.
You hit the bone dragon but do no damage.
The bone dragon is heavily damaged.
A small abomination comes into view.
The bone dragon bites you but does no damage.
The bone dragon claws you but does no damage.
You block the bone dragon's attack.
You sock the bone dragon!
The bone dragon is heavily damaged.
The ynoxinul is lost in a daze.
You block the bone dragon's attack.
The bone dragon claws you but does no damage.
The bone dragon tramples you.
You hold your ground!
You bludgeon the bone dragon!!
The bone dragon is severely damaged.
The ynoxinul is lost in a daze.
The bone dragon bites you!!
* * * LOW HITPOINT WARNING * * *
The bone dragon misses you. The bone dragon tramples you!
* * * LOW HITPOINT WARNING * * *
You hold your ground!
You sock the bone dragon!
You headbutt the bone dragon, but do no damage.
The bone dragon is severely damaged.
The bone dragon bites you!
You die...
Your body crumbles into a pile of gold.

## # #.#...
.###. .# #
##. .# .#
.... ##.#
.#... #5.5
... #
..#..#. .5.3
.# #
#.#x.#.>#
#..# # ..
.#..## # ##
. ##.#3# #
..#.##.#D###
#......@..#
#.##..#####
###


You could see a bone dragon (dazed), a ynoxinul (dazed) and a small abomination.

Vanquished Creatures
  A two-headed ogre (D:9)
  A sixfirhy (Abyss:1)
  Pikel (D:4)
  The ghost of Dormantt the Slasher, a novice FoFi of Qazlal (D:6)
  The ghost of pkoi the Slasher, an amateur MiFi of Qazlal (D:4)
  The ghost of crazypyro the Chopper, an amateur DsFi of Gozag (D:5)
  Grinder (D:5)
  3 hornets
  Sigmund (D:2)
  Eustachio (D:6)
  4 yaks (D:9)
  A wyvern (D:8)
  A steam dragon (D:5)
  2 orc warriors
  2 ice beasts
  A black bear (D:7)
  2 sky beasts (D:5)
  A necrophage (D:7)
  3 ogres (D:6)
  4 centaurs
  A phantom (D:6)
  A kobold brigand (D:9)
  2 bullfrogs
  A scorpion (D:6)
  4 gnoll sergeants
  A water moccasin skeleton (D:6)
  3 killer bees (D:8)
  An electric eel (D:7)
  5 howler monkeys
  2 centaur zombies
  2 gnoll shamans
  3 hounds
  A water moccasin simulacrum (D:4)
  A bullfrog zombie (D:6)
  6 orc priests
  2 bullfrog skeletons (D:7)
  A centaur skeleton (D:7)
  4 iguanas (D:5)
  Jessica (D:3)
  5 orc wizards
  2 hound skeletons (D:4)
  4 howler monkey zombies
  8 gnolls
  8 adders
  2 hound simulacra (D:4)
  3 shadow imps
  2 white imps
  An ufetubus (D:5)
  2 adder skeletons
  A worm (D:4)
  An adder simulacrum (D:4)
  19 orcs
  4 ball pythons
  6 endoplasms
  4 giant cockroaches
  7 goblins
  8 hobgoblins
  4 jackals (D:1)
  10 kobolds
  3 quokkas
  8 bats
  4 frilled lizards
  2 rats
193 creatures vanquished.

Vanquished Creatures (others)
  29 plants
29 creatures vanquished.

Grand Total: 222 creatures vanquished

Notes
Turn   | Place    | Note
-------+----------+-------------------------------------------
     0 | D:1      | crazypyro the Minotaur Fighter began the quest for the Orb.
     0 | D:1      | Reached XP level 1. HP: 19/19 MP: 0/0
   354 | D:1      | Reached XP level 2. HP: 22/27 MP: 1/1
   426 | D:1      | You fall into a shaft and drop 1 floor!
   774 | D:2      | Noticed Sigmund
   783 | D:2      | Killed Sigmund
   784 | D:2      | Reached skill level 4 in Maces & Flails
   784 | D:2      | Reached XP level 3. HP: 25/34 MP: 2/2
   784 | D:2      | Reached XP level 4. HP: 30/41 MP: 3/3
   784 | D:2      | Reached XP level 5. HP: 35/47 MP: 4/4
   948 | D:2      | Found a hazy altar of Hepliaklqana.
  1693 | D:1      | Found a faded altar of an unknown god.
  2217 | D:3      | Identified a scroll of acquirement
  2217 | D:3      | Acquired the +3 pair of boots of the Thistle {rElec Str+3}
  2297 | D:3      | Reached skill level 5 in Maces & Flails
  2331 | D:3      | Reached XP level 6. HP: 13/55 MP: 5/5
  2919 | D:3      | Noticed Jessica
  2923 | D:3      | Reached skill level 5 in Armour
  2923 | D:3      | Killed Jessica
  2924 | D:3      | Reached skill level 5 in Fighting
  3040 | D:3      | Reached skill level 5 in Shields
  3619 | D:4      | Reached skill level 6 in Maces & Flails
  3795 | D:4      | Reached skill level 1 in Dodging
  3885 | D:4      | Noticed Pikel
  3918 | D:4      | Killed Pikel
  3919 | D:4      | Reached skill level 8 in Maces & Flails
  3919 | D:4      | Reached XP level 7. HP: 39/61 MP: 6/6
  4082 | D:4      | Found a blossoming altar of Fedhas.
  4113 | D:4      | Noticed pkoi's ghost (amateur MiFi)
  4571 | D:4      | Found a runed translucent gate.
  4571 | D:4      | Found a runed translucent gate.
  4571 | D:4      | Found a runed translucent gate.
  4862 | D:5      | Entered Level 5 of the Dungeon
  4884 | D:5      | Reached XP level 8. HP: 68/68 MP: 7/7
  5057 | D:5      | Found a hazy altar of Hepliaklqana.
  5098 | D:5      | Reached skill level 9 in Maces & Flails
  5113 | D:5      | Noticed Grinder
  5122 | D:5      | Killed Grinder
  5123 | D:5      | Reached skill level 10 in Maces & Flails
  5179 | D:5      | Reached skill level 5 in Dodging
  5427 | D:5      | Found a transporter.
  5428 | D:5      | Found a transporter.
  5447 | D:5      | Identified the ring "Ewnixe" {Contam rPois rC+ Dex+5}
  5448 | D:5      | Noticed crazypyro's ghost (amateur DsFi)
  5637 | D:6      | Found Hoqerrogi's Assorted Antiques.
  5655 | D:6      | Found Pyott's Antique Armour Boutique.
  5703 | D:6      | Reached XP level 9. HP: 73/74 MP: 8/8
  5722 | D:6      | Found Zirchefi's Jewellery Emporium.
  5722 | D:6      | Noticed Eustachio
  5754 | D:6      | Killed Eustachio
  5755 | D:6      | Reached skill level 11 in Maces & Flails
  5774 | D:6      | Found Meibano's Armour Emporium.
  5998 | D:6      | Found Gakhlur's Armour Shop.
  6106 | D:6      | Found a staircase to the Ecumenical Temple.
  6119 | Temple   | Entered the Ecumenical Temple
  6368 | Temple   | Became a worshipper of Gozag Ym Sagoz the Greedy
  6540 | D:6      | Found a runed translucent door.
  6541 | D:6      | Noticed Dormantt's ghost (novice FoFi)
  6691 | D:6      | Killed Dormantt's ghost
  6953 | D:4      | Killed pkoi's ghost
  6954 | D:4      | Reached skill level 12 in Maces & Flails
  7151 | D:5      | Killed crazypyro's ghost
  7526 | D:7      | Found a hide-covered altar of Uskayaw.
  7820 | D:7      | Reached XP level 10. HP: 74/84 MP: 9/9
  8028 | D:7      | Identified the +9 scale mail of the Merchant {*Corrode
                  | +Blink Will++}
  8079 | D:7      | Reached skill level 13 in Maces & Flails
  8419 | D:7      | Found a sacrificial altar of Ru.
  9086 | D:9      | Noticed a two-headed ogre
  9089 | D:9      | Found a basalt altar of Yredelemnul.
  9095 | D:9      | Killed a two-headed ogre
  9471 | D:9      | Reached skill level 14 in Maces & Flails
  9779 | D:10     | Entered Level 10 of the Dungeon
  9793 | D:10     | Noticed Psyche
  9796 | D:10     | Noticed Erica
  9934 | D:10     | Cast into level 1 of the Abyss (Psyche)
  9985 | Abyss:1  | Noticed a sixfirhy
  9990 | Abyss:1  | Noticed a bone dragon
  9992 | Abyss:1  | Killed a sixfirhy
 10022 | Abyss:1  | HP: 2/88 [bone dragon (7)]
 10023 | Abyss:1  | Slain by a bone dragon

Illustrated notes

Levels and vault maps discovered:
D:1:      kilobyte_arrival_exit_the_forest, layout_basic,
          shapermc_ecumenical_altar_pompeii, minmay_small_reverse_x
D:2:      minmay_general_purpose_star, layout_loops_ring, basic_altar,
          uniq_sigmund
D:3:      layout_basic, serial_park_tiny_pond, chequers_serial_rivers_micro_a,
          nrook_loot_triangle, kennysheep_generic_room_3, uniq_jessica
D:4:      layout_layer_cave, fedhas_ov_isle_minmay, gammafunk_ghost_icy,
          uniq_pikel
D:5:      layout_basic, amcnicky_altar_gilded, gammafunk_ghost_gnarly_gnolls,
          uniq_grinder
D:6:      layout_basic, minmay_temple_entry_arrows, gammafunk_ghost_grave,
          serial_shops, nicolae_take_the_stairs, shop, nicolae_shop_trees,
          nicolae_shop_window_shopping, nicolae_square_shop, uniq_eustachio
D:7:      layout_loops_ring, mainiacjoe_overflow_swirl, serial_bayou_ford_a,
          nicolae_grassy_gnolls
D:8:      layout_rooms
D:9:      layout_basic, yredelemnul_altar_generic
D:10:     layout_long_grid, mainiacjoe_overflow_chevrons, lair_entry_dummy,
          uniq_erica, uniq_psyche
Temple:   eino_temple_scatter_basement
Abyss:1:  base:
D:3

Skill      XL: |  1  2  3  4  5  6  7  8  9 10 |
---------------+-------------------------------+-----
Fighting       | 4 5 6 8 |  8.1
Maces & Flails | 4 5 8 10 12 14 | 14.0
Armour         | 4 5 6 8 |  8.1
Shields        | 4 5 6 8 |  8.0
Dodging        | 3 5 6 |  6.0

Action                   |  1- 3 |  4- 6 |  7- 9 | 10-12 || total
-------------------------+-------+-------+-------+-------++-------
Melee: Flail             |    22 |       |       |       ||    22
       Headbutt          |     3 |    27 |    26 |    36 ||    92
       Morningstar       |    15 |   155 |   253 |   164 ||   587
  Use: Scroll            |       |     5 |     7 |     7 ||    19
       Potion            |       |       |     1 |     2 ||     3
Armor: Scale mail        |    11 |    95 |    96 |    62 ||   264
Dodge: Dodged            |    16 |    73 |   141 |    90 ||   320
Block: Buckler           |     9 |    35 |    31 |       ||    75
       Kite shield       |       |       |    44 |   105 ||   149
